 Dungeon Sprint DCSS version bcrawl-1.27.6 (webtiles) character file.

Game seed: 18343625305957446329

1623911 Chiseanne the Imperceptible (level 12, 0/53 HPs)
             Began as a Spriggan Rogue on Sept 26, 2020.
             Was an Initiate of Gozag.
             Slain by a reaper
             ... wielding a +2 scythe of flaming
             ... summoned by a mummy priest's death curse
              (4 damage)
             ... in the Dungeon (Sprint I: "Red Sonja").
             The game lasted 00:31:02 (2932 turns).

Chiseanne the Imperceptible (Spriggan Rogue)        Turns: 2932, Time: 00:31:03

Health: 0/53       AC: 11    Str: 13    XL:     12   Next: 88%
Magic:  17/33      EV: 35    Int: 17    God:    Gozag
Gold:   369        SH: 17    Dex: 18    Spells: 35/44 levels left

rFire    + . .     SeeInvis +   a - +3 rapier (elec)
rCold    + . .     Gourm    .   y - +1 buckler {AC+3}
rNeg     . . .     Faith    .   b - +2 robe {MR+}
rPois    .         Spirit   .   (helmet restricted)
rElec    .         Reflect  +   I - scarf {rC+ rF+}
rCorr    .         Harm     .   (gloves unavailable)
MR       +++..     NoTele   +   (boots unavailable)
Stlth    +++++++++.             j - +5 amulet of reflection
HPRegen  0.17/turn              c - +6 ring of strength
MPRegen  0.23/turn              k - +4 ring of protection

@: gold aura, very slightly contaminated, very quick
A: very small, unfitting armour, see invisible, herbivore, speed 3, slow
metabolism 2
a: Potion Petition, Call Merchant, Bribe Branch, Renounce Religion


You were in the Dungeon.
You worshipped Gozag.
Gozag was aware of your devotion.
You were full.

You visited 1 branch You collected 5039 gold pieces.
You spent 4670 gold pieces at shops.

Inventory:

Hand Weapons
 a - a +3 rapier of electrocution (weapon)
 q - a +1 hunting sling of flaming
 s - a +2 scimitar of holy wrath
 w - a +4 blowgun
Missiles
 h - 149 poisoned needles
 o - 590 sling bullets
 r - 16 curare-tipped needles
 u - 314 stones (quivered)
 v - 158 bolts
Armour
 b - a +2 robe of magic resistance (worn)
 y - a +1 buckler of protection (worn)
 E - the +3 warlock's mirror {reflect}
   (You bought it in a shop in the Dungeon)
 G - the +2 cloak of the Game of Life {rC++}
   (You bought it in a shop in the Dungeon)

   It greatly protects you from cold.
 I - a scarf of resistance (worn)
Jewellery
 c - a +6 ring of strength (left hand)
 j - a +5 amulet of reflection (around neck)
 k - a +4 ring of protection (right hand)
Wands
 d - a wand of digging (1)
 f - a wand of flame (6)
 g - a wand of enslavement (3)
Scrolls
 n - a scroll of blinking
 p - 3 scrolls of identify
 A - a scroll of magic mapping
 B - 3 scrolls of remove curse
 D - a scroll of immolation
 F - a scroll of fear
Potions
 i - 2 potions of curing
 l - 2 potions of magic
 m - a potion of cancellation
 t - 2 potions of mutation
 x - a potion of brilliance
 z - a potion of lignification
Comestibles
 e - 10 rations {!d}


   Skills:
 - Level 1.5 Fighting
 - Level 14.0 Short Blades
 - Level 21.0 Dodging
 - Level 23.6 Stealth
 * Level 12.0 Shields
 * Level 16.6 Spellcasting
 - Level 3.5 Poison Magic
 * Level 8.0 Evocations


You had 35 spell levels left.
You knew the following spells:

 Your Spells              Type           Power        Failure   Level  Hunger
a - Magic Dart            Conj           ##..         9%          1    None
b - Blink                 Tloc           N/A          14%         2    None
c - Conjure Flame         Conj/Fire      ##......     26%         3    None
d - Mephitic Cloud        Conj/Pois/Air  ###.....     16%         3    None

Your spell library contained the following spells:

 Spells                   Type           Power        Failure   Level  Hunger
 Spider Form              Tmut/Pois      ###          13%         3    None
 Call Imp                 Summ           ##....       14%         2    None


Dungeon Overview and Level Annotations

Branches:
Dungeon (1/1)

Altars:
Cheibriados
Dithmenos
Elyvilon
Fedhas
Gozag
Hepliaklqana
Kikubaaqudgha
Lugonu
Makhleb
Nemelex Xobeh
Okawaru
Qazlal
Ru
Sif Muna
Trog
Uskayaw
Vehumet
Wu Jian
Xom
Yredelemnul
Zin
The Shining One
Jiyva

Shops:
D %(%:}[[([[!=[(}}??[*

Annotations:
D exclusion: oklob plant, Tiamat


Innate Abilities, Weirdness & Mutations

You are very small and have problems with some larger weapons.
You are too small for most types of armour.
You have supernaturally acute eyesight. (SInv)
You are a herbivore.
You cover ground extremely quickly.
You need to consume almost no food.


Message History

The mummy priest is destroyed!
You feel extremely nervous for a moment...
Death has come for you...
The ice devil disappears in a puff of smoke!
Your Shields skill increases to level 12!
Your Evocations skill increases to level 8!
An oklob plant comes into view.
Marking area around an oklob plant as unsafe for travelling.
You block the reaper's attack.
Evoke which item? (* to show all) (? for menu, Esc to quit)
Okay, then.
Your juvenile firebat beast hits the reaper!
You closely miss the reaper.
The reaper is lightly wounded.
Your juvenile firebat beast hits the reaper but does no damage.
The reaper hits you with a +2 scythe of flaming!!
* * * LOW HITPOINT WARNING * * *
The reaper burns you.
You die...
Your body crumbles into a pile of gold. ######################## #.§§§§§.§§§.§..#^^+§$$$# $$$$$$ #§####§§§§§##..'^^#§§$$# $$$$$$ #§# ##§§§#######'#§§§§§# $$$$ §§# $###§#..)##$$#§§§§$#$$$ $$$$ ### $ #.##...#$$##$§§$# $$$$ $ #......#..≈###+# $$$ $$$$ ° $$$##.#[#.#@2≈.:# $$$$

°. #..###)#.H≈.##
$$$ ☼☼#
#.##...#..≈## $$
°## #..#'###.$≈#
$$ °# $$
##...#P≈..## $ $$
$ $###.#§≈..# $ $
$$$$$$$$$#.###..#
$ $$$$$$$$$#)#
+..# $
$$$$$$####'# ##'#


$$$$$$$$$$ $$ You could see a reaper and a friendly juvenile firebat beast.

Vanquished Creatures
  A daeva (D)
  4 fire giants (D)
  A deep elf annihilator (D)
  A hydra (D)
  2 centaur warriors (D)
  A deep troll (D)
  7 unseen horrors (D)
  A lindwurm (D)
  8 shining eyes (D)
  An oklob plant (D)
  2 merfolk sirens (D)
  A gargoyle (D)
  2 kobold demonologists (D)
  4 demonic crawlers (D)
  A hellwing (D)
  A slime creature (D)
  5 hornets (D)
  Sigmund (D)
  2 redbacks (D)
  A yak (D)
  13 hogs (D)
  6 floating eyes (D)
  7 necrophages (D)
  An ogre (D)
  7 jellies (D)
  2 ballistomycetes (D)
83 creatures vanquished.

Vanquished Creatures (collateral kills)
  A mummy priest (D)
  A sky beast (D)
  A jelly (D)
  A ballistomycete spore (D)
4 creatures vanquished.

Vanquished Creatures (others)
  A gargoyle (D)
  A floating eye (D)
  Ijyb (D)
  A ballistomycete spore (D)
4 creatures vanquished.

Grand Total: 91 creatures vanquished

Notes
Turn   | Place    | Note
-------+----------+-------------------------------------------
     0 | D        | Chiseanne the Spriggan Rogue began the quest for the Orb.
     0 | D        | Reached XP level 1. HP: 10/10 MP: 3/3
     1 | D        | Noticed Ijyb
     6 | D        | Noticed an ogre
     9 | D        | Killed an ogre
     9 | D        | Reached skill level 5 in Short Blades
     9 | D        | Reached skill level 10 in Stealth
     9 | D        | Reached XP level 2. HP: 14/14 MP: 5/5
     9 | D        | Reached XP level 3. HP: 18/18 MP: 6/6
     9 | D        | Reached XP level 4. HP: 22/22 MP: 7/7
    18 | D        | Noticed Sigmund
    21 | D        | Killed Sigmund
    21 | D        | Reached skill level 10 in Dodging
    21 | D        | Reached skill level 12 in Stealth
    21 | D        | Reached XP level 5. HP: 25/25 MP: 8/8
    33 | D        | Found an ornate altar of the Wu Jian Council.
    33 | D        | Found a shimmering blue altar of Sif Muna.
    35 | D        | Found a radiant altar of Vehumet.
    48 | D        | Reached skill level 13 in Stealth
    60 | D        | Noticed Sonja
    66 | D        | Noticed Sonja
    66 | D        | Sonja changed into Sonja the sky beast
   103 | D        | Killed Sonja the sky beast
   103 | D        | Reached XP level 6. HP: 24/30 MP: 9/9
   122 | D        | Noticed a deep troll
   126 | D        | Killed a deep troll
   126 | D        | Reached skill level 16 in Stealth
   126 | D        | Reached XP level 7. HP: 30/33 MP: 10/10
   140 | D        | Your ally died
   214 | D        | Found Wuywar's Book Emporium.
   214 | D        | Found an ancient bone altar of Kikubaaqudgha.
   214 | D        | Found a hazy altar of Hepliaklqana.
   214 | D        | Found a stormy altar of Qazlal.
   214 | D        | Found a hide-covered altar of Uskayaw.
   214 | D        | Found a blossoming altar of Fedhas.
   214 | D        | Found a bloodstained altar of Trog.
   214 | D        | Found an iron altar of Okawaru.
   214 | D        | Found a basalt altar of Yredelemnul.
   214 | D        | Found a glowing golden altar of the Shining One.
   214 | D        | Found a snail-covered altar of Cheibriados.
   214 | D        | Found a sacrificial altar of Ru.
   214 | D        | Found a glowing silver altar of Zin.
   214 | D        | Found a shadowy altar of Dithmenos.
   214 | D        | Found a white marble altar of Elyvilon.
   214 | D        | Noticed a yak
   215 | D        | Found an opulent altar of Gozag.
   216 | D        | Killed a yak
   216 | D        | Reached XP level 8. HP: 37/37 MP: 11/11
   243 | D        | Found Baddal's Armour Emporium.
   264 | D        | Found Gizxexosch's Food Boutique.
   287 | D        | Found a sparkling altar of Nemelex Xobeh.
   293 | D        | Became a worshipper of Gozag Ym Sagoz the Greedy
   321 | D        | Bought a +2 cloak for 165 gold pieces
   429 | D        | Noticed a centaur warrior
   430 | D        | Noticed a centaur warrior
   433 | D        | Killed a centaur warrior
   433 | D        | Reached skill level 18 in Stealth
   433 | D        | Reached skill level 5 in Spellcasting
   435 | D        | Killed a centaur warrior
   435 | D        | Reached skill level 19 in Stealth
   435 | D        | Reached XP level 9. HP: 41/41 MP: 11/21
   480 | D        | Noticed an oklob plant
   482 | D        | Killed an oklob plant
   522 | D        | Noticed an unseen horror
   522 | D        | Noticed an unseen horror
   537 | D        | Killed an unseen horror
   537 | D        | Reached skill level 20 in Stealth
   537 | D        | Reached skill level 10 in Spellcasting
   585 | D        | Bought a book of Minor Magic for 280 gold pieces
   587 | D        | Learned a level 1 spell: Magic Dart
   590 | D        | Learned a level 2 spell: Blink
   594 | D        | Learned a level 3 spell: Conjure Flame
   598 | D        | Learned a level 3 spell: Mephitic Cloud
   613 | D        | Noticed a shining eye
   613 | D        | Noticed a shining eye
   613 | D        | Noticed a shining eye
   614 | D        | Noticed a shining eye
   614 | D        | Noticed a shining eye
   614 | D        | Noticed a shining eye
   616 | D        | Noticed a shining eye
   616 | D        | Noticed a shining eye
   616 | D        | Paralysed by a floating eye for 2 turns
   621 | D        | Killed a shining eye
   621 | D        | Reached XP level 10. HP: 46/46 MP: 19/26
   623 | D        | Killed a shining eye
   623 | D        | Reached skill level 21 in Stealth
   630 | D        | Paralysed by a floating eye for 3 turns
   643 | D        | Paralysed by a floating eye for 4 turns
   671 | D        | Killed a shining eye
   680 | D        | Killed a shining eye
   687 | D        | Killed a shining eye
   694 | D        | Killed a shining eye
   715 | D        | Killed a shining eye
   715 | D        | Reached skill level 22 in Stealth
   733 | D        | Killed a shining eye
   771 | D        | Found Peulem's Weapon Shoppe.
   771 | D        | Found Pucam's Gadget Shop.
   771 | D        | Found Corumuase's Food Emporium.
   771 | D        | Found Zoseinn's Armour Boutique.
   784 | D        | Bought a +2 robe of magic resistance for 247 gold pieces
   804 | D        | Bought a +3 rapier of electrocution for 297 gold pieces
   867 | D        | Killed an unseen horror
   879 | D        | Reached XP level 11. HP: 43/49 MP: 29/29
   890 | D        | Reached skill level 1 in Poison Magic
   910 | D        | Reached skill level 10 in Short Blades
   991 | D        | Found Pethool's Antique Weapon Shoppe.
   991 | D        | Found Kehyiv's Antique Armour Shop.
   991 | D        | Found Pyaleb's Food Boutique.
   993 | D        | Found Rocac's Armour Emporium.
   993 | D        | Found Feash's Armour Shop.
   993 | D        | Found Gifoge's Distillery.
   993 | D        | Found Musm's Jewellery Boutique.
   993 | D        | Found Ohyd's Antique Armour Emporium.
   993 | D        | Found Isaturod's Weapon Shop.
   993 | D        | Found Ibrip's Gadget Shoppe.
   997 | D        | Found Lagolas's Gadget Boutique.
   998 | D        | Found Suba's Magic Scroll Emporium.
   998 | D        | Found Hajegy's Magic Scroll Boutique.
   999 | D        | Found Umnoropt's General Store.
  1000 | D        | Bought a potion of cancellation for 70 gold pieces
  1000 | D        | Bought a potion of brilliance for 56 gold pieces
  1000 | D        | Bought a potion of lignification for 42 gold pieces
  1002 | D        | Bought a runed buckler for 195 gold pieces
  1007 | D        | Bought a scroll of magic mapping for 42 gold pieces
  1007 | D        | Bought a scroll of identify for 24 gold pieces
  1007 | D        | Bought a scroll of identify for 24 gold pieces
  1007 | D        | Bought a scroll of remove curse for 36 gold pieces
  1007 | D        | Bought a scroll of blinking for 90 gold pieces
  1007 | D        | Bought a scroll of torment for 90 gold pieces
  1009 | D        | Bought a scroll of enchant armour for 90 gold pieces
  1009 | D        | Bought a scroll of immolation for 42 gold pieces
  1010 | D        | Bought the +3 warlock's mirror {reflect} for 440 gold
                  | pieces
  1010 | D        | Found the +3 warlock's mirror {reflect}
  1015 | D        | Bought a potion of might for 44 gold pieces
  1015 | D        | Bought a scroll of fear for 55 gold pieces
  1024 | D        | Bought the +2 cloak of the Game of Life {rC++} for 390 gold
                  | pieces
  1075 | D        | Found a viscous altar of Jiyva.
  1075 | D        | Found a corrupted altar of Lugonu.
  1076 | D        | Found a burning altar of Makhleb.
  1076 | D        | Found a shimmering altar of Xom.
  1171 | D        | Reached skill level 1 in Shields
  1486 | D        | Noticed a lindwurm
  1490 | D        | Killed a lindwurm
  1549 | D        | Reached skill level 5 in Shields
  1587 | D        | Noticed a 12-headed hydra
  1589 | D        | Killed a 12-headed hydra
  1756 | D        | Bought a +5 amulet of reflection for 441 gold pieces
  1756 | D        | Bought a +4 ring of protection for 353 gold pieces
  1762 | D        | Bought a ration for 65 gold pieces
  1762 | D        | Bought a ration for 65 gold pieces
  1762 | D        | Bought a ration for 65 gold pieces
  1762 | D        | Bought a ration for 65 gold pieces
  1762 | D        | Bought a ration for 65 gold pieces
  1762 | D        | Bought a ration for 65 gold pieces
  1762 | D        | Bought a ration for 65 gold pieces
  1762 | D        | Bought a ration for 65 gold pieces
  1762 | D        | Bought a ration for 65 gold pieces
  1813 | D        | Noticed a daeva
  1817 | D        | Killed a daeva
  1843 | D        | Noticed an unseen horror
  1843 | D        | Noticed an unseen horror
  1843 | D        | Noticed an unseen horror
  1843 | D        | Noticed an unseen horror
  1843 | D        | Noticed an unseen horror
  1845 | D        | Killed an unseen horror
  1850 | D        | Killed an unseen horror
  1850 | D        | Reached XP level 12. HP: 44/53 MP: 31/31
  1870 | D        | Reached skill level 10 in Shields
  1949 | D        | Noticed a fire giant
  1952 | D        | Noticed a fire giant
  1953 | D        | Noticed a fire giant
  1954 | D        | Noticed a fire giant
  1956 | D        | Killed a fire giant
  2143 | D        | Bought a scarf of resistance for 320 gold pieces
  2217 | D        | Killed a fire giant
  2217 | D        | Reached skill level 23 in Stealth
  2217 | D        | Reached skill level 15 in Spellcasting
  2575 | D        | Killed a fire giant
  2737 | D        | Bought a wand of acid (4) for 140 gold pieces
  2737 | D        | Bought a wand of acid (3) for 112 gold pieces
  2797 | D        | Killed a fire giant
  2836 | D        | Identified the +4 dragonskin cloak
  2836 | D        | Noticed Tiamat
  2877 | D        | Noticed a deep elf annihilator
  2891 | D        | Reached skill level 5 in Evocations
  2916 | D        | Killed a deep elf annihilator
  2918 | D        | Noticed a mummy priest
  2927 | D        | Killed a mummy priest
  2928 | D        | Noticed a reaper
  2932 | D        | Slain by a reaper

Skill      XL: |  1  2  3  4  5  6  7  8  9 10 11 12 |
---------------+-------------------------------------+-----
Short Blades   | 5 6 7 9 14 | 14.0
Dodging        | 7 10 11 14 17 18 20 21 | 21.0
Stealth        | 10 12 13 16 19 20 22 23 | 23.6
Spellcasting   | 7 11 13 14 16 | 16.6
Poison Magic   | 3 |  3.5
Shields        | 9 12 | 12.0
Evocations     | 8 |  8.0
Fighting       | |  1.5

Action                   |  1- 3 |  4- 6 |  7- 9 | 10-12 || total
-------------------------+-------+-------+-------+-------++-------
Melee: Dagger            |     1 |    18 |    41 |    70 ||   130
       Rapier            |       |       |       |   312 ||   312
 Fire: Blowgun           |       |       |       |     1 ||     1
 Cast: Mephitic Cloud    |       |       |       |     6 ||     6
       Magic Dart        |       |       |       |     1 ||     1
Invok: Potion Petition   |       |       |       |     1 ||     1
Evoke: Wand              |     1 |     7 |     5 |    20 ||    33
       Box of beasts     |       |       |       |     1 ||     1
  Use: Potion            |       |     1 |       |     4 ||     5
       Scroll            |       |       |     3 |     3 ||     6
 Stab: Sleeping          |     1 |     2 |     9 |    17 ||    29
       Paralysed         |       |       |       |     1 ||     1
       Distracted        |       |       |       |     4 ||     4
       Confused          |       |       |       |     7 ||     7
  Eat: Ration            |       |       |       |     3 ||     3
Armor: Skin              |       |    14 |       |       ||    14
       Robe              |       |       |       |    18 ||    18
Dodge: Dodged            |       |     2 |     8 |   231 ||   241
Block: Buckler           |       |       |       |   111 ||   111
       Reflection        |       |       |       |     1 ||     1
